 Dungeon Crawl Stone Soup version 0.28-a0-203-gf40de95187 (webtiles) character file.

Game seed: 14189601832616633078

39316 herdos3 the Executioner (level 13, -4/190 HPs)
             Began as a Minotaur Berserker on Aug 20, 2021.
             Was a High Priest of Trog.
             Slain by a skeletal warrior (6 damage)
             ... led by a skeletal warrior
             ... on level 15 of the Dungeon on Sept 6, 2021.
             The game lasted 01:36:13 (14549 turns).

herdos3 the Executioner (Minotaur Berserker)       Turns: 14549, Time: 01:36:15

Health: -4/190     AC: 15    Str: 30    XL:     13   Next: 68%
Magic:  12/12      EV: 13    Int:  8    God:    Trog [*****.]
Gold:   1467       SH:  0    Dex: 13    Spells: 12/12 levels left

rFire   . . .      SeeInvis +   f - +3 executioner's axe (vorpal)
rCold   . . .      Faith    .   (shield currently unavailable)
rNeg    + . .      Spirit   .   E - +2 scale mail {rN+}
rPois   .          Reflect  .   (helmet restricted)
rElec   .          Harm     .   (no cloak)
rCorr   +          Rampage  .   t - +0 pair of gloves
Will    .....      Rnd*Tele +   J - +0 pair of boots
Stlth   ..........              k - amulet of regeneration
HPRegen 1.41/turn               l - ring of Lorugi {Will- rCorr Int+4 SInv Stlth+}
MPRegen 0.13/turn               F - +6 ring of strength

@: berserking (expiring), very quick
A: horns 2, retaliatory headbutt, iridescent scales 1, robust 1, teleportitis 1
a: Renounce Religion, Berserk, Trog's Hand, Brothers in Arms


You were on level 15 of the Dungeon.
You worshipped Trog.
Trog was extremely pleased with you.
You visited 1 branch of the dungeon, and saw 15 of its levels.
You also visited: Bailey and Ice Cave.

You collected 1600 gold pieces.
You spent 133 gold pieces at shops.

Inventory:

Hand Weapons
 f - a +3 vorpal executioner's axe (weapon)
 n - a +3 battleaxe of freezing
 A - a +4 battleaxe of venom
 M - a +5 battleaxe of flaming
Missiles
 p - 4 throwing nets (quivered)
Armour
 b - a +2 kite shield of fire resistance
 t - a +0 pair of gloves (worn)
 E - a +2 scale mail of positive energy (worn)
 H - a +0 plate armour
 J - a +0 pair of boots (worn)
Jewellery
 k - an amulet of regeneration (around neck)
 l - the ring of Lorugi (left hand) {Will- rCorr Int+4 SInv Stlth+}
   (You found it on level 4 of the Dungeon)

   [ring of resist corrosion]

   Int:       It affects your intelligence (+4).
   SInv:      It lets you see invisible.
   rCorr:     It protects you from acid and corrosion.
   Will:      It decreases your willpower.
   Stlth:     It makes you more stealthy.
 r - a +4 ring of protection
 F - a +6 ring of strength (right hand)
Wands
 q - a wand of flame (29)
 w - a wand of polymorph (17)
 K - a wand of paralysis (5)
 L - a wand of acid (8)
 N - a wand of iceblast (5)
Scrolls
 d - 3 scrolls of enchant armour
 e - a scroll of holy word {unknown}
 j - 4 scrolls of fog
 m - 2 scrolls of brand weapon {unknown}
 o - 2 scrolls of amnesia {unknown}
 s - 3 scrolls of teleportation {unknown}
 y - 4 scrolls of fear {unknown}
 z - a scroll of noise {unknown}
 B - 2 scrolls of magic mapping {unknown}
 C - 2 scrolls of vulnerability {unknown}
 D - 2 scrolls of enchant weapon {unknown}
Potions
 a - a potion of invisibility {unknown}
 c - 2 potions of attraction {unknown}
 g - 6 potions of curing
 h - 3 potions of flight
 i - 3 potions of haste
 u - a potion of resistance {unknown}
 v - 3 potions of lignification {unknown}
 x - a potion of might {unknown}
 G - a potion of magic {unknown}


   Skills:
 + Level 11.5 Fighting
 * Level 21.2 Axes
 + Level 10.0 Armour
 + Level 6.3 Dodging
 - Level 1.8 Stealth
 + Level 2.3 Shields


You had 12 spell levels left.
You didn't know any spells.
Your spell library contained the following spells:

 Spells                   Type           Power      Damage    Failure   Level
 Static Discharge         Conj/Air       0%         N/A       75%         2
 Swiftness                Air            0%         N/A       93%         3
 Olgreb's Toxic Radiance  Pois           0%         N/A       100%        4


Dungeon Overview and Level Annotations

Branches:
Dungeon (15/15)            Temple (0/1) D:5            Lair (0/6) D:10
    Orc (0/2) D:11         Vaults (0/5) D:13         Depths (0/5) D:15
 Bailey (visited)           IceCv (visited)

Altars:
Ashenzari
Cheibriados
Dithmenos
Fedhas
Qazlal
Trog
Uskayaw
Vehumet
Xom
Yredelemnul
Zin
The Shining One

Shops:
D:9 :[![

Portals:
Trove: D:10 (give 7 scrolls of fog)


Innate Abilities, Weirdness & Mutations

You have a pair of horns on your head.
You reflexively headbutt those who attack you in melee.
You are partially covered in iridescent scales. (AC +2)
You are robust. (+10% HP)
You are occasionally teleported next to monsters.


Message History

The skeletal warrior hits you with a +0 battleaxe!!
* * * LOW HITPOINT WARNING * * *
A centaur comes into view.
You barely miss the skeletal warrior.
The skeletal warrior is almost destroyed.
You slice the orc!!
You kill the orc!
Trog accepts your kill.
You completely miss the skeletal warrior.
You barely miss the centaur warrior.
A centaur comes into view.
The skeletal warrior hits you with a +0 war axe!
* * * LOW HITPOINT WARNING * * *
The skeletal warrior closely misses you.
You are too berserk!
You hit the skeletal warrior but do no damage.
The skeletal warrior is almost destroyed.
You barely miss the centaur warrior.
You closely miss the skeletal warrior. x2
The centaur warrior hits you but does no damage.
The centaur warrior kicks you but does no damage.
You slash the skeletal warrior!
You destroy the skeletal warrior!
Trog accepts your kill.
You closely miss the skeletal warrior. You slash the skeletal warrior!
You slice the centaur warrior!! The centaur warrior hits you!
* * * LOW HITPOINT WARNING * * *
The centaur warrior kicks you but does no damage.
The skeletal warrior hits you with a +0 battleaxe!
* * * LOW HITPOINT WARNING * * *
The skeletal warrior hits you with a +0 battleaxe.
* * * LOW HITPOINT WARNING * * *
Your Armour skill increases to level 10!
You carve the skeletal warrior like a ham!!!
You destroy the skeletal warrior!
Trog accepts your kill.
You barely miss the skeletal warrior. You slash the centaur warrior!
You kill the centaur warrior!
Trog accepts your kill.
The skeletal warrior hits you with a +0 battleaxe.
You die...

#.##.# ##..$.... #.##.#
(....... #.##.###.##.....#
## #..).....# ..... ..
####..........O .#
#########.########.###..##.
...............###ccOcc..cc
#########.###[..#z.o#
#......)@h#....QOh.
#####...#)..######.
######.## #.# #.. ####


You could see a skeletal warrior, a two-headed ogre, a warg, an ogre, 4 centaurs
and an orc wizard (invisible).

Vanquished Creatures
  An ice dragon (shapeshifter) (D:15)
  8 vault guards (D:13)
  7 two-headed ogres
  Erica (D:11)
  3 centaur warriors
  A tengu warrior (D:15)
  A hell knight (D:15)
  The ghost of Jano the Thaumaturge, a novice DjAE of Gozag (D:9)
  2 skeletal warriors (D:15)
  A deep troll (D:15)
  Pikel (D:7)
  2 wizards (D:15)
  An orc knight (D:15)
  2 deep elf pyromancers (D:14)
  3 manticores
  6 ugly things
  5 cyclopes
  6 kobold demonologists (D:12)
  3 unseen horrors
  2 efreet (D:14)
  A tengu conjurer (D:15)
  5 trolls
  A jumping spider (shapeshifter) (D:14)
  3 polar bears (IceCv)
  3 slime creatures (D:12)
  A meliai zombie (D:10)
  A shadow (D:12)
  2 wyverns
  A wraith (D:12)
  8 yaks
  A basilisk (D:12)
  Eustachio (D:5)
  2 steam dragons
  Grum (D:11)
  8 vampire mosquitoes
  Edmund (D:5)
  An acid dragon (D:9)
  2 water moccasins
  6 orc warriors
  A sky beast (D:7)
  A black bear (D:5)
  A black bear (shapeshifter) (D:13)
  5 ogres
  5 wolves
  A centaur (D:15)
  2 phantoms
  A lemure (D:7)
  6 kobold brigands
  A bullfrog (D:6)
  10 gnoll sergeants
  A scorpion (D:4)
  A water moccasin zombie (D:5)
  2 water moccasin skeletons (D:5)
  13 wights
  14 killer bees
  8 centaur zombies
  2 howler monkeys (D:9)
  6 hounds
  6 gnoll shamans (Bailey)
  3 orc priests
  A bullfrog skeleton (D:5)
  2 centaur skeletons (D:7)
  8 orc wizards
  2 iguanas (D:5)
  A killer bee zombie (D:7)
  26 gnolls
  A howler monkey skeleton (D:7)
  5 adders
  A shadow imp (D:7)
  4 ufetubi
  2 dart slugs
  28 orcs
  5 bats
  5 endoplasms
  A giant cockroach (D:1)
  4 goblins
  2 hobgoblins
  4 jackals (D:2)
  18 kobolds
  2 quokkas (D:1)
  6 ball pythons
  12 frilled lizards
  A rat (D:2)
337 creatures vanquished.

Vanquished Creatures (others)
  16 plants
16 creatures vanquished.

Grand Total: 353 creatures vanquished

Notes
Turn   | Place    | Note
-------+----------+-------------------------------------------
     0 | D:1      | herdos3 the Minotaur Berserker began the quest for the Orb.
     0 | D:1      | Reached XP level 1. HP: 19/19 MP: 0/0
   193 | D:1      | Reached skill level 4 in Axes
   320 | D:1      | Reached XP level 2. HP: 26/27 MP: 1/1
  1171 | D:2      | Reached ** piety under Trog
  1214 | D:2      | Found a faded altar of an unknown god.
  2011 | D:2      | Reached XP level 3. HP: 33/33 MP: 2/2
  2042 | D:2      | Found a shimmering altar of Xom.
  2472 | D:3      | Got the Guide on Venom and the Birds
  2675 | D:3      | Reached skill level 5 in Axes
  2880 | D:3      | Found a broken altar of Ashenzari.
  3381 | D:4      | Reached XP level 4. HP: 41/41 MP: 3/3
  3412 | D:4      | Identified the ring of Lorugi {Will- rCorr Int+4 SInv
                  | Stlth+}
  3426 | D:4      | Noticed a phantom
  3427 | D:4      | Noticed a scorpion
  3438 | D:4      | Killed a scorpion
  3439 | D:4      | Reached XP level 5. HP: 47/47 MP: 4/4
  3442 | D:4      | Killed a phantom
  3443 | D:4      | Reached skill level 6 in Axes
  3570 | D:4      | Gained mutation: You are partially covered in iridescent
                  | scales. (AC +2) [potion of mutation]
  3570 | D:4      | Gained mutation: You are clumsy. (Dex -2) [potion of
                  | mutation]
  3570 | D:4      | Gained mutation: You are occasionally teleported next to
                  | monsters. [potion of mutation]
  3571 | D:4      | Lost mutation: You are clumsy. (Dex -2) [potion of
                  | mutation]
  3571 | D:4      | Gained mutation: You are robust. (+10% HP) [potion of
                  | mutation]
  3816 | D:4      | Found a stormy altar of Qazlal.
  3869 | D:5      | Entered Level 5 of the Dungeon
  3870 | D:5      | Identified a scroll of acquirement
  3870 | D:5      | Acquired a +2 kite shield of fire resistance
  3961 | D:5      | Found a staircase to the Ecumenical Temple.
  3976 | D:5      | Reached skill level 5 in Fighting
  3976 | D:5      | Reached XP level 6. HP: 50/61 MP: 5/5
  4092 | D:5      | Reached skill level 7 in Axes
  4166 | D:5      | Noticed Edmund
  4180 | D:5      | Killed Edmund
  4181 | D:5      | Reached skill level 1 in Stealth
  4223 | D:5      | Found a basalt altar of Yredelemnul.
  4248 | D:5      | Reached XP level 7. HP: 64/67 MP: 6/6
  4269 | D:5      | Reached skill level 8 in Axes
  4269 | D:5      | Reached skill level 1 in Shields
  4373 | D:5      | Acquired a +3 battleaxe of freezing
  4542 | D:5      | Noticed Eustachio
  4551 | D:5      | Killed Eustachio
  4551 | D:5      | Reached *** piety under Trog
  4960 | D:6      | Found a hide-covered altar of Uskayaw.
  5060 | D:6      | Found a glowing silver altar of Zin.
  5133 | D:6      | Found a radiant altar of Vehumet.
  5142 | D:6      | Reached skill level 9 in Axes
  5142 | D:6      | Reached XP level 8. HP: 77/77 MP: 7/7
  5877 | D:7      | Reached skill level 5 in Armour
  5888 | D:7      | Reached skill level 10 in Axes
  6051 | D:7      | Noticed Pikel
  6055 | D:7      | Killed Pikel
  6056 | D:7      | Reached skill level 11 in Axes
  6056 | D:7      | Reached XP level 9. HP: 85/85 MP: 8/8
  6769 | D:7      | Reached skill level 12 in Axes
  7054 | D:8      | Found a bloodstained altar of Trog.
  7071 | D:8      | Reached **** piety under Trog
  7073 | D:8      | Reached skill level 13 in Axes
  7430 | D:8      | Noticed a two-headed ogre
  7443 | D:8      | Killed a two-headed ogre
  7444 | D:8      | Reached XP level 10. HP: 84/94 MP: 9/9
  7736 | D:8      | Found a shadowy altar of Dithmenos.
  7736 | D:8      | Found a snail-covered altar of Cheibriados.
  8017 | D:9      | Found Fushovysh's Antique Armour Shoppe.
  8023 | D:9      | Bought a glowing scale mail for 133 gold pieces
  8069 | D:9      | Found a snail-covered altar of Cheibriados.
  8069 | D:9      | Found Cheibriados's Comfort Zone.
  8136 | D:9      | Reached skill level 14 in Axes
  8196 | D:9      | Found a blossoming altar of Fedhas.
  8318 | D:9      | Found Tozevak's Book Emporium.
  8727 | D:9      | Found a runed translucent door.
  8728 | D:9      | Noticed Jano's ghost (novice DjAE)
  8738 | D:9      | Killed Jano's ghost
  8807 | D:9      | Noticed a two-headed ogre
  8813 | D:9      | Killed a two-headed ogre
  8814 | D:9      | Reached skill level 15 in Axes
  8814 | D:9      | Reached skill level 5 in Dodging
  8837 | D:9      | Noticed a two-headed ogre
  8840 | D:9      | Killed a two-headed ogre
  9274 | D:9      | Reached XP level 11. HP: 94/104 MP: 10/10
  9418 | D:9      | Found Diuron's Distillery.
  9433 | D:10     | Entered Level 10 of the Dungeon
  9433 | D:10     | Found a flagged portal.
  9447 | Bailey   | Entered a bailey
  9457 | Bailey   | Reached ***** piety under Trog
 10368 | Bailey   | Acquired a +3 vorpal executioner's axe
 10416 | D:10     | Found a portal to a secret trove of treasure.
 10493 | D:10     | Found a staircase to the Lair.
 10524 | D:10     | Reached skill level 16 in Axes
 10551 | D:10     | Noticed a centaur warrior
 10559 | D:10     | Killed a centaur warrior
 10577 | D:10     | Noticed a two-headed ogre
 10587 | D:10     | Received a gift from Trog
 10588 | D:10     | Killed a two-headed ogre
 10654 | D:10     | Noticed a two-headed ogre
 10662 | D:10     | Killed a two-headed ogre
 10663 | D:10     | Reached skill level 17 in Axes
 10950 | D:11     | Found a frozen archway.
 10953 | D:11     | Noticed Erica
 10960 | D:11     | Killed Erica
 11023 | IceCv    | Entered an ice cave
 11324 | D:11     | Noticed Grum
 11332 | D:11     | Reached XP level 12. HP: 99/115 MP: 11/11
 11336 | D:11     | Killed Grum
 11383 | D:11     | Found a staircase to the Orcish Mines.
 11426 | D:11     | Reached skill level 18 in Axes
 11815 | D:11     | Found a hide-covered altar of Uskayaw.
 11821 | D:11     | Noticed a two-headed ogre
 11829 | D:11     | Killed a two-headed ogre
 12076 | D:12     | Reached skill level 10 in Fighting
 12339 | D:12     | Reached skill level 19 in Axes
 12700 | D:12     | Noticed a two-headed ogre
 12706 | D:12     | Killed a two-headed ogre
 13272 | D:13     | Noticed a vault guard
 13272 | D:13     | Noticed a vault guard
 13272 | D:13     | Noticed a vault guard
 13272 | D:13     | Noticed a vault guard
 13272 | D:13     | Noticed a vault guard
 13273 | D:13     | Found a gate to the Vaults.
 13273 | D:13     | Noticed a vault guard
 13273 | D:13     | Noticed a vault guard
 13273 | D:13     | Noticed a vault guard
 13279 | D:13     | Killed a vault guard
 13284 | D:13     | Killed a vault guard
 13287 | D:13     | Killed a vault guard
 13295 | D:13     | Killed a vault guard
 13299 | D:13     | Killed a vault guard
 13300 | D:13     | Reached XP level 13. HP: 71/126 MP: 12/12
 13305 | D:13     | Reached skill level 20 in Axes
 13308 | D:13     | Received a gift from Trog
 14184 | D:14     | Found a glowing silver altar of Zin.
 14191 | D:14     | Found a glowing golden altar of the Shining One.
 14333 | D:15     | Entered Level 15 of the Dungeon
 14400 | D:15     | Found a staircase to the Depths.
 14404 | D:15     | Reached skill level 21 in Axes
 14548 | D:15     | HP: 7/190 [skeletal warrior[a skeletal warrior] (17)]
 14548 | D:15     | HP: 1/190 [skeletal warrior[a skeletal warrior] (6)]
 14549 | D:15     | Reached skill level 10 in Armour
 14549 | D:15     | Slain by a skeletal warrior

Illustrated notes

Levels and vault maps discovered:
D:1:      dpeg_arrival_concentric_ovals, layout_basic, grunt_decor_cap,
          minmay_lizard_pond
D:2:      layout_basic, basic_altar, hellmonk_ecumenical_altar_crossroads,
          kennysheep_pointless_box, corexii_item_surrounded_by_moat
D:3:      layout_basic, mainiacjoe_overflow_alcove_4, minivault_26,
          minmay_misc_feat_doors
D:4:      layout_rooms, mainiacjoe_overflow_tiny_flanked
D:5:      layout_loops_cross, yredelemnul_altar_generic,
          minmay_temple_entry_gardened_gates, uniq_edmund, uniq_eustachio
D:6:      layout_cave_pods, amcnicky_altar_gilded,
          mainiacjoe_overflow_small_starburst, general_overflow_altar,
          grunt_decor_arrowhead
D:7:      layout_cave_pods, hangedman_glass_teeth, uniq_pikel
D:8:      layout_loops_ring, mainiacjoe_overflow_divided_tiny, bloody_trog,
          amcnicky_mini_corridor_feature
D:9:      layout_roguey, mainiacjoe_overflow_catwalk, gammafunk_ghost_grave,
          serial_shops, nicolae_inconvenience_store, shop, kennysheep_mini_moat,
          minmay_shop_chei, minmay_starry_boxes
D:10:     kennysheep_ambush_hall, layout_rooms, dpeg_oklobed_lair,
          nicolae_trove_entry_columns, enter_bailey_2
D:11:     layout_small_grid, david_orc_2, portal_ice_cave_entry_pillars_2,
          dancing_weapons_uskayaw, uniq_erica, uniq_grum
D:12:     layout_loops_ring, minmay_misc_feat_nine_boxes
D:13:     layout_long_grid, erik_vaults_2
D:14:     layout_gridville, tso_altar, zin_statuary
D:15:     hangedman_depths_entry_civil_slaughter, layout_loops_ring,
          vehumet_altar_wand_db, uniq_roxanne

Skill      XL: |  1  2  3  4  5  6  7  8  9 10 11 12 13 |
---------------+----------------------------------------+-----
Axes           | 4 5 6 7 9 11 13 15 17 19 21 | 21.2
Fighting       | 4 5 6 7 8 9 10 11 | 11.5
Armour         | 3 4 5 6 7 8 9 10 | 10.0
Dodging        | 3 4 5 6 |  6.3
Stealth        | 1 |  1.8
Shields        | 2 |  2.3

Action                   |  1- 3 |  4- 6 |  7- 9 | 10-12 | 13-15 || total
-------------------------+-------+-------+-------+-------+-------++-------
Melee: Hand axe          |    85 |    74 |    12 |       |       ||   171
       Headbutt          |    12 |    19 |    35 |    75 |    23 ||   164
       Battleaxe         |       |       |   111 |   133 |       ||   244
       Executioner's axe |       |       |       |   214 |   100 ||   314
Invok: Berserk           |     3 |     3 |     6 |    11 |     3 ||    26
  Use: Scroll            |     2 |     3 |     5 |     2 |       ||    12
       Potion            |       |     2 |     3 |     5 |     1 ||    11
 Stab: Sleeping          |       |       |       |     1 |     1 ||     2
Armor: Animal skin       |     7 |       |       |       |       ||     7
       Chain mail        |    20 |     6 |    48 |       |       ||    74
       Ring mail         |       |    20 |     4 |       |       ||    24
       Scale mail        |       |       |       |   142 |    46 ||   188
Dodge: Dodged            |    50 |    28 |    70 |   272 |    58 ||   478
Block: Kite shield       |       |    16 |     5 |       |       ||    21

Table legend: (Time is in decaauts)
 A = Elapsed time spent in this place.
 B = Non-inter-level travel time spent in this place.
 C = Inter-level travel time spent in this place.
 D = Time resting spent in this place.
 E = Time spent auto-exploring this place.
 F = Levels seen in this place.
 G = Mean time per level.
                   A        B        C        D        E       F      G
               +--------+--------+--------+--------+--------+-----+--------+
         Total |  14825 |  14559 |    266 |   3791 |   8441 |  17 |  872.1 |
       Dungeon |  13552 |  13286 |    266 |   3104 |   8103 |  15 |  903.5 |
        Bailey |    967 |    967 |      0 |    553 |    270 |   1 |  967.0 |
      Ice Cave |    306 |    306 |      0 |    133 |     68 |   1 |  306.0 |
               +--------+--------+--------+--------+--------+-----+--------+

Top non-repeatable levels by time:
     D:9: 1438 daAuts
     D:2: 1286 daAuts
     D:7: 1192 daAuts
     D:5: 1102 daAuts
     D:1: 1082 daAuts
     D:8: 1062 daAuts
     D:3: 993 daAuts
  Bailey: 967 daAuts
    D:12: 934 daAuts
     D:6: 889 daAuts
    D:11: 868 daAuts
    D:13: 815 daAuts
    D:10: 572 daAuts
    D:14: 548 daAuts
     D:4: 544 daAuts
